 Dungeon Crawl Stone Soup version 0.27-a0-67-g4bfc8a49e1 (webtiles) character file.

Game seed: 11234760613902624091

8404 Borgoz the Grappler (level 11, 0/95 HPs)
             Began as a Ghoul Gladiator on Jan 9, 2021.
             Was a Priest of Makhleb.
             Slain by an ice dragon (6 damage)
             ... on level 11 of the Dungeon.
             The game lasted 00:17:21 (10382 turns).

Borgoz the Grappler (Ghoul Gladiator)              Turns: 10382, Time: 00:17:22

Health: 0/95       AC: 11    Str: 19    XL:     11   Next: 30%
Magic:  10/10      EV: 16    Int: 10    God:    Makhleb [***...]
Gold:   1124       SH:  0    Dex: 12    Spells: 10/10 levels left

rFire    . . .     SeeInvis .     - Unarmed
rCold    + . .     Faith    +   (no shield)
rNeg     + + +     Spirit   .   D - +0 steam dragon scales
rPois    ∞         Reflect  .   b - +1 helmet
rElec    .         Harm     .   (no cloak)
rCorr    +         Rampage  .   k - +0 pair of gloves of Ontit {rN++ rCorr}
Will     .....                  B - +0 pair of boots
Stlth    +.........             o - amulet of faith
HPRegen  0.00/turn              u - +6 ring of intelligence
MPRegen  0.12/turn              (no ring)

@: very slightly contaminated, invisible
A: claws 1, cold resistance 1, negative energy resistance 3, inhibited
regeneration, torment resistance, unbreathing
a: Renounce Religion, Minor Destruction, Lesser Servant of Makhleb


You were on level 11 of the Dungeon.
You worshipped Makhleb.
Makhleb was most pleased with you.
You visited 2 branches of the dungeon, and saw 12 of its levels.
You also visited: Ossuary.

You collected 1340 gold pieces.
You spent 216 gold pieces at shops.

Inventory:

Armour
 b - a +1 helmet (worn)
 h - a +0 scale mail
 k - the +0 pair of gloves of Ontit (worn) {rN++ rCorr}
   (You found it on level 7 of the Dungeon)

   It greatly protects you from negative energy.
   It provides partial protection from all sources of acid and corrosion.
 B - a +0 pair of boots (worn)
 D - +0 steam dragon scales (worn)
Jewellery
 g - an uncursed amulet of regeneration
 o - an amulet of faith (around neck)
 r - an uncursed amulet of guardian spirit
 u - a +6 ring of intelligence (left hand)
Wands
 s - a wand of flame (15)
 w - a wand of enslavement (9)
 y - a wand of disintegration (12)
 C - a wand of paralysis (5)
Scrolls
 a - 2 scrolls of remove curse
 d - 6 scrolls of teleportation
 e - a scroll of magic mapping
 f - 3 scrolls of fog
 l - 3 scrolls of enchant weapon
 n - 4 scrolls of blinking
 p - a scroll of enchant armour
 q - 3 scrolls of fear
 t - 4 scrolls of identify
 A - a scroll of brand weapon
Potions
 c - a potion of curing
 j - a potion of heal wounds
 m - 5 potions of brilliance
 v - 2 potions of flight
 x - 2 potions of haste
 z - 3 potions of magic


   Skills:
 + Level 8.9 Fighting
 - Level 1.7 Throwing
 * Level 8.1 Armour
 * Level 8.7 Dodging
 * Level 10.2 Unarmed Combat


You had 10 spell levels left.
You didn't know any spells.
Your spell library contained the following spells:

 Spells                   Type           Power        Failure   Level
 Confusing Touch          Hex            0%           75%         3
 Gell's Gravitas          Tloc           0%           75%         3
 Petrify                  Tmut/Erth      0%           98%         4
 Metabolic Englaciation   Hex/Ice        0%           100%        5
 Yara's Violent Unravell  Hex/Tmut       0%           100%        5


Dungeon Overview and Level Annotations

Branches:
Dungeon (11/15)            Temple (1/1) D:5             Orc (0/2) D:11
Ossuary (visited)
   Lair: D:8-11

Altars:
Ashenzari
Cheibriados
Elyvilon
Fedhas
Gozag
Kikubaaqudgha
Makhleb
Nemelex Xobeh
Okawaru
Qazlal
Ru
Sif Muna
Trog
Uskayaw
Vehumet
Wu Jian
Xom
Yredelemnul
Zin
The Shining One

Shops:
D:6 [   D:7 *

Portals:
Ice
Cave: D:11


Innate Abilities, Weirdness & Mutations

You thrive by killing the living.
You are immune to poison.
You have sharp fingernails.
Your flesh is cold resistant. (rC+)
You are immune to negative energy. (rN+++)
You do not regenerate when monsters are visible.
You are immune to unholy pain and torment.
You can survive without breathing.


Message History

You barely miss the ice dragon.
The ice dragon is severely wounded.
The ice dragon breathes frost at you. The blast of cold hits you! You resist.
* * * LOW HITPOINT WARNING * * *
The blast of cold hits the orc!!!
The orc dies!
The polar bear misses you. x2; The polar bear completely misses you.
You barely miss the ice dragon.
The ice dragon is severely wounded.
The polar bear bites you.
* * * LOW HITPOINT WARNING * * *
The polar bear barely misses you. The polar bear closely misses you.
The polar bear misses you. The polar bear closely misses you.
The polar bear barely misses you.
You hear the crackling of a melting archway.
The ice dragon bites you!
* * * LOW HITPOINT WARNING * * *
The ice dragon barely misses you. The ice dragon tramples you.
You die...

*,,,*,,,,,,*,,>******** *,,,,,,
*,,,*,,*****,,,,,,,* *..,...
*,,,*,,* *,,,,,*,* #.##...
*,,,*,,* *,,,,,*,* #......
*,,,+,,* *******,* #......
*,,,*,,* #######*** #####.#..#*
*,,,*,,**##...#.# ####.....o..#
*,,,*,,,*#......###.##..#.....#
#...#,,,*#..∩..@h†)#.#.....#..#*
#...#,,**#....D#.####..###.#..#,
#...#,,* ##...#### #### #.#..#,
#...#,,***####* #....#,
#...#,,,,**##### #####'###.
#...#,,**,,#...#####* #...#.....
##...#####**#.......,* #.#.#..##.
.........# #.#..###.# #.<.#..#*,
......##.####........###...#..#,,


You could see an ice dragon and a polar bear.

Vanquished Creatures
  Harold (D:9)
  An unseen horror (D:10)
  Pikel (D:7)
  An ugly thing (D:9)
  A gargoyle (D:10)
  A polar bear (D:11)
  2 hornets
  Sigmund (D:4)
  A wyvern (D:10)
  11 yaks
  2 steam dragons
  A basilisk (D:7)
  A water moccasin (D:5)
  4 ice beasts
  A black bear (D:11)
  A phantom (D:10)
  5 ogres
  A necrophage (D:11)
  2 wolves (D:11)
  2 centaurs (D:10)
  Blork the orc (D:4)
  A big kobold (D:7)
  4 bullfrogs
  A scorpion (D:7)
  2 hounds
  3 bullfrog zombies
  2 orc priests
  A centaur zombie (Ossuary)
  3 jellies
  A bullfrog skeleton (D:10)
  8 worker ants
  4 iguanas
  2 orc wizards
  A killer bee zombie (Ossuary)
  2 hound skeletons
  8 mummies
  A worker ant zombie (Ossuary)
  2 howler monkey zombies (Ossuary)
  11 adders
  2 shadow imps
  A white imp (D:9)
  2 ufetubi (D:10)
  An adder skeleton (D:5)
  4 worms
  9 dart slugs
  5 leopard geckos
  25 orcs
  3 giant cockroaches
  8 goblins
  11 hobgoblins
  2 jackals (D:5)
  3 quokkas
  A ball python (D:4)
  8 bats
  2 frilled lizards
  A giant cockroach zombie (Ossuary)
  A jackal zombie (Ossuary)
  17 kobolds
  A leopard gecko zombie (D:7)
  A quokka skeleton (D:6)
  2 quokka zombies (Ossuary)
  6 rats
215 creatures vanquished.

Vanquished Creatures (others)
  An orc (D:11)
  11 withered plants (Ossuary)
12 creatures vanquished.

Grand Total: 227 creatures vanquished

Notes
Turn   | Place    | Note
-------+----------+-------------------------------------------
     0 | D:1      | Borgoz the Ghoul Gladiator began the quest for the Orb.
     0 | D:1      | Reached XP level 1. HP: 17/17 MP: 0/0
    33 | D:1      | Reached XP level 2. HP: 25/25 MP: 1/1
   249 | D:1      | Reached XP level 3. HP: 27/30 MP: 2/2
   403 | D:1      | Reached skill level 1 in Armour
   763 | D:2      | Reached XP level 4. HP: 34/37 MP: 3/3
   834 | D:2      | Reached skill level 4 in Unarmed Combat
  1145 | D:2      | Found a shimmering altar of Xom.
  1398 | D:3      | Reached XP level 5. HP: 45/45 MP: 4/4
  1962 | D:4      | Noticed Blork the orc
  1975 | D:4      | Killed Blork the orc
  1976 | D:4      | Reached XP level 6. HP: 36/52 MP: 5/5
  2028 | D:4      | Noticed Sigmund
  2053 | D:4      | Killed Sigmund
  2054 | D:4      | Reached skill level 5 in Unarmed Combat
  2076 | D:4      | Reached XP level 7. HP: 24/60 MP: 6/6
  2345 | D:4      | Found a snail-covered altar of Cheibriados.
  2686 | D:5      | Entered Level 5 of the Dungeon
  2882 | D:5      | Reached skill level 5 in Fighting
  3081 | D:5      | Reached XP level 8. HP: 68/68 MP: 7/7
  3117 | D:5      | Got a slimy whip
  3118 | D:5      | Identified the +4 whip of Tartarus {drain, *Slow rPois
                  | Will++ Stlth+} (You found it on level 5 of the Dungeon)
  3220 | D:5      | Found a staircase to the Ecumenical Temple.
  3268 | Temple   | Entered the Ecumenical Temple
  3312 | Temple   | Became a worshipper of Makhleb the Destroyer
  3581 | D:5      | Reached skill level 5 in Dodging
  3581 | D:5      | Reached skill level 6 in Unarmed Combat
  3711 | D:6      | Found a snail-covered altar of Cheibriados.
  3837 | D:6      | Found Mikhut's Antique Armour Shoppe.
  3840 | D:6      | Bought a jacinth-encrusted ring mail for 216 gold pieces
  3850 | D:6      | Identified the +4 ring mail of Ethics {*Drain rElec Slay-4
                  | SInv} (You bought it in a shop on level 6 of the Dungeon)
  4153 | D:6      | Found a bloodstained altar of Trog.
  4912 | D:7      | Noticed Pikel
  4935 | D:7      | Killed Pikel
  4936 | D:7      | Reached skill level 5 in Armour
  4936 | D:7      | Reached skill level 7 in Unarmed Combat
  4936 | D:7      | Reached XP level 9. HP: 34/78 MP: 3/8
  5162 | D:7      | Reached * piety under Makhleb
  5290 | D:7      | Got a pair of jewelled gloves
  5296 | D:7      | Identified the +0 pair of gloves of Ontit {rN++ rCorr} (You
                  | found it on level 7 of the Dungeon)
  5365 | D:7      | Found Bakkurai's Elemental Accessories.
  5541 | D:7      | Found a white marble altar of Elyvilon.
  5587 | D:7      | Found a basalt altar of Yredelemnul.
  5957 | D:8      | Found a sand-covered staircase.
  5988 | Ossuary  | Entered an ossuary
  6271 | Ossuary  | Reached ** piety under Makhleb
  6806 | D:8      | Noticed a red ugly thing
  6809 | D:8      | Noticed a death yak
  6811 | D:8      | Noticed a death yak
  6816 | D:8      | Noticed a death yak
  7352 | D:9      | Noticed Harold
  7389 | D:9      | Killed Harold
  7390 | D:9      | Reached skill level 8 in Unarmed Combat
  7390 | D:9      | Reached XP level 10. HP: 48/88 MP: 9/9
  7405 | D:9      | Identified a scroll of acquirement
  7547 | D:9      | Acquired 697 gold pieces
  7751 | D:9      | Found a blossoming altar of Fedhas.
  7825 | D:9      | Killed a red ugly thing
  8375 | D:10     | Entered Level 10 of the Dungeon
  8395 | D:10     | Noticed a gargoyle
  8409 | D:10     | Killed a gargoyle
  8410 | D:10     | Reached skill level 9 in Unarmed Combat
  8976 | D:10     | Reached *** piety under Makhleb
  9100 | D:10     | Reached XP level 11. HP: 95/95 MP: 10/10
  9575 | D:10     | Killed an unseen horror
  9576 | D:10     | Reached skill level 10 in Unarmed Combat
 10321 | D:11     | Found a frozen archway.
 10322 | D:11     | Noticed an ice dragon
 10382 | D:11     | Slain by an ice dragon

Illustrated notes

Levels and vault maps discovered:
D:1:      tarquinn_simple_flora_water_a, layout_basic
D:2:      layout_basic, general_overflow_altar, chequers_jeans
D:3:      layout_loops_cross
D:4:      layout_cave_pools, kennysheep_slug_shrine, uniq_blork_the_orc,
          uniq_sigmund
D:5:      layout_rooms, minmay_temple_entry_sparse_star,
          corexii_leaking_fountain
D:6:      layout_loops_cross, lemuel_round_altar, serial_shops,
          kennysheep_mini_moat, trog_hazing_becter
D:7:      layout_cave_pods, yredelemnul_altar_generic, basic_altar,
          nicolae_elemental_shop, minmay_microvault, uniq_pikel
D:8:      layout_loops_ring, riverfiend_overflow_shadow_ancestor,
          dpeg_lair_monsters, gup_ossuary_entry_pyramid
D:9:      layout_long_grid, kennysheep_little_box, uniq_harold
D:10:     layout_roguey, minmay_crystal_water, minmay_misc_feat_alley,
          st_stairs_12
D:11:     layout_stronghold, kennysheep_orc_monster_closet_entryway,
          portal_ice_cave_entry_animals_and_master
Temple:   nicolae_temple_elliptical

Skill      XL: |  1  2  3  4  5  6  7  8  9 10 11 |
---------------+----------------------------------+-----
Dodging        | 3 4 6 7 8 |  8.7
Armour         | 1 2 3 5 6 7 8 |  8.1
Fighting       | 3 4 5 6 7 8 |  8.9
Unarmed Combat | 4 5 7 8 9 10 | 10.2
Throwing       | |  1.7

Action                   |  1- 3 |  4- 6 |  7- 9 | 10-12 || total
-------------------------+-------+-------+-------+-------++-------
Melee: Unarmed           |    98 |   173 |   473 |   325 ||  1069
       Punch             |     1 |       |    16 |    18 ||    35
       Whip              |       |       |    11 |       ||    11
Throw: Throwing net      |       |     3 |     4 |     1 ||     8
Evoke: Wand              |       |       |       |     7 ||     7
  Use: Scroll            |       |     1 |    22 |     5 ||    28
       Potion            |       |     3 |     3 |     2 ||     8
 Stab: Held in net/web   |       |     1 |       |       ||     1
       Invisible         |       |       |       |     1 ||     1
Armor: Leather armour    |    20 |       |       |       ||    20
       Scale mail        |    21 |    64 |   182 |   118 ||   385
       Steam dragon scal |       |       |       |    25 ||    25
Dodge: Dodged            |    62 |    98 |   264 |   204 ||   628

Table legend: (Time is in decaauts)
 A = Elapsed time spent in this place.
 B = Non-inter-level travel time spent in this place.
 C = Inter-level travel time spent in this place.
 D = Time resting spent in this place.
 E = Time spent auto-exploring this place.
 F = Levels seen in this place.
 G = Mean time per level.
                   A        B        C        D        E       F      G
               +--------+--------+--------+--------+--------+-----+--------+
         Total |  10271 |   9913 |    358 |   2467 |   5246 |  13 |  790.1 |
       Dungeon |   9284 |   8970 |    314 |   1979 |   5047 |  11 |  844.0 |
        Temple |    170 |    126 |     44 |      0 |    125 |   1 |  170.0 |
       Ossuary |    816 |    816 |      0 |    488 |     74 |   1 |  816.0 |
               +--------+--------+--------+--------+--------+-----+--------+

Top non-repeatable levels by time:
    D:10: 1747 daAuts
     D:7: 1576 daAuts
     D:9: 1057 daAuts
     D:5: 831 daAuts
     D:6: 819 daAuts
 Ossuary: 816 daAuts
     D:2: 786 daAuts
     D:4: 718 daAuts
     D:1: 592 daAuts
     D:3: 566 daAuts
     D:8: 386 daAuts
    D:11: 201 daAuts
  Temple: 170 daAuts
